 Dungeon Crawl Stone Soup version 0.17-a0-995-gb5fa8d7 (webtiles) character file.

5260 oplop the Spear-Bearer (level 10, 0/72 HPs)
             Began as a Merfolk Chaos Knight on May 12, 2015.
             Slain by a hippogriff (4 damage)
             ... on level 9 of the Dungeon.
             The game lasted 00:21:05 (7918 turns).

oplop the Spear-Bearer (Merfolk Chaos Knight)       Turns: 7918, Time: 00:21:06

Health: 0/72       AC:  8    Str: 16      XL:     10   Next: 62%
Magic:  10/10      EV: 15    Int: 19      God:    Xom [.....*]
Gold:   186        SH:  0    Dex: 15 (19) Spells: 0 memorised, 9 levels left

rFire  + . .     SeeInvis .     a - +1 spear (chaos)
rCold  + . .     Clarity  .     e - +1 scale mail {rF+}
rNeg   . . .     SustAb   .     (no shield)
rPois  .         Gourm    .     (helmet restricted)
rElec  .         Spirit   .     (no cloak)
rCorr  .         Warding  .     (no gloves)
rMut   .         Stasis   .     (no boots)
MR     .....                    q - amulet of rage
Stlth  +.........               (no ring)
                                (no ring)

@: brilliant, lethally poisoned (0 -> -7), very slightly contaminated, not
resistant to hostile enchantments, very unstealthy
A: change form in water, swift swim, horns 2, slimy green scales 1, thin
skeletal structure 1, agile 1, blink 2, blurry vision 1, clever 1, cold
resistance 1, deformed body, frail 1, mutation resistance 1, spit poison 1,
strong 1
a: Spit Poison, Blink, Renounce Religion, Evoke Berserk Rage


You were on level 9 of the Dungeon.
You worshipped Xom.
You were Xom's teddy bear.
You were not hungry.

You visited 1 branch of the dungeon, and saw 9 of its levels.

You collected 506 gold pieces.
You spent 320 gold pieces at shops.

Inventory:

Hand weapons
 a - a +1 spear of chaos (weapon)
 H - a +0 glaive
Missiles
 i - 23 poisoned needles
 t - 6 needles of paralysis
Armour
 b - a +2 leather armour
 e - a +1 scale mail of fire resistance (worn)
Jewellery
 q - an amulet of rage (around neck)
Magical devices
 u - a wand of digging (20)
 y - a wand of frost (22)
 C - a wand of magic darts (23)
Scrolls
 f - 3 scrolls of enchant weapon
 g - 9 scrolls of remove curse
 l - 8 scrolls of identify
 m - 2 scrolls of recharging
 r - a scroll of noise {unknown}
 v - a scroll of random uselessness {unknown}
 A - a scroll of teleportation {unknown}
 B - 2 scrolls of magic mapping
 E - 2 scrolls of amnesia
 I - a scroll of holy word {unknown}
Potions
 d - a potion of lignification
 h - a potion of brilliance
 k - 2 potions of curing
 n - a potion of poison
 p - a potion of cancellation {unknown}
 s - a potion of flight {unknown}
 w - 2 potions of heal wounds {unknown}
 x - a potion of berserk rage {unknown}
 z - a potion of cure mutation {unknown}
Books
 o - a book of Spatial Translocations

   Spells                             Type                      Level
   a - Apportation                    Translocation                1
   b - Blink                          Translocation                2
   c - Shroud of Golubria             Charms/Translocation         2
   d - Portal Projectile              Translocation                3
   e - Teleport Other                 Translocation                3
   f - Passage of Golubria            Translocation                4
Comestibles
 c - 6 bread rations
 j - 5 fruits
 D - a chunk of flesh
 G - a beef jerky


   Skills:
 + Level 8.3 Fighting
 + Level 10.7 Polearms
 - Level 9.6 Armour
 + Level 9.7 Dodging


You had 9 spell levels left.
You didn't know any spells.

Dungeon Overview and Level Annotations

Branches:
Dungeon (9/15)             Temple (0/1) D:5
   Lair: D:8-11         Orc: D:9-12

Altars:
Makhleb
Qazlal
Xom

Shops:
D:4 [*}*=   D:8 [


Innate Abilities, Weirdness & Mutations

You revert to your normal form in water.
You are very nimble and swift while swimming.
You have a pair of horns on your head.
You are partially covered in slimy green scales (AC +2).
You have a somewhat thin skeletal structure (Dex +2, Stealth).
You are agile. (Dex +2)
You are good at translocating small distances at will.
Scrolls take you a little longer to read.
Your mind is acute. (Int +2)
Your flesh is cold resistant.
Armour fits poorly on your strangely shaped body.
You are frail (-10% HP).
You are somewhat resistant to further mutation.
You can spit weak poison.
Your muscles are strong. (Str +2)


Message History

It was a potion of curing.
You feel better.
Xom thinks this is hilarious!
The centaur shoots an arrow.
The arrow hits you!
* * * LOW HITPOINT WARNING * * *
Drink which item? (? for menu, Esc to quit)
You feel better.
The centaur shoots an arrow.
The arrow barely misses you.
Read which item? (? for menu, Esc to quit)
Okay, then.
Drink which item? (? for menu, Esc to quit)
It was a potion of brilliance.
You feel clever all of a sudden.
The centaur shoots an arrow.
The arrow closely misses you.
Drink which item? (? for menu, Esc to quit)
It was a potion of poison.
That liquid tasted very nasty...
You are poisoned.
You feel sick.
The centaur shoots an arrow.
The arrow hits you!
* * * LOW HITPOINT WARNING * * *
The hippogriff bites you.
You die...
Xom chortles! #..Y####..# ..# #.Y.# #..# ...# #...# #..# z..# #YYY#

#..# .....
#.YY####..########....>
#........(..)...Y......
#..YY...........(......
#....H.................
#.....@................
#..........#######.....
#..........# .....
#..........# .....
#.c........# ....
#....##....# ...#
#....##....#######
#.... #........... #...
#...........


You could see 8 yaks, a hippogriff and a centaur.

Vanquished Creatures
  Pikel (D:8)
  A raven (D:7)
  A wraith (D:6)
  2 wyverns
  A spriggan (D:7)
  3 killer bees (D:8)
  2 hippogriffs
  3 ice beasts
  3 orc warriors
  A water moccasin (D:8)
  4 ogres
  A slave (D:8)
  A centaur (D:6)
  A phantom (D:6)
  2 big kobolds
  2 giant frogs (D:7)
  3 scorpions
  A wight (D:9)
  A crimson imp (D:6)
  3 orc priests
  A jelly (D:8)
  A lava snake (D:8)
  A giant frog skeleton (D:8)
  2 hounds
  A quasit (D:8)
  A centaur skeleton (D:5)
  2 orc wizards (D:6)
  6 worker ants
  3 iguanas
  A killer bee zombie (D:5)
  3 gnolls
  7 adders
  2 worker ant zombies
  A gnoll (shapeshifter) (D:1)
  A shadow imp (D:6)
  An ooze (D:2)
  2 worms
  3 giant geckos
  26 orcs
  3 bat skeletons
  2 bat zombies
  13 goblins
  15 hobgoblins
  5 jackals (D:4)
  2 quokkas
  A ball python (D:4)
  14 bats
  5 giant cockroaches
  A giant gecko skeleton (D:6)
  4 giant newts
  2 giant spores
  37 kobolds
  A kobold (shapeshifter) (D:8)
  13 rats
  6 ballistomycetes (D:6)
226 creatures vanquished.

Vanquished Creatures (collateral kills)
  A wight (D:9)
  A gnoll shaman (D:4)
  A worker ant (D:4)
  A gnoll (D:4)
  An orc (D:5)
  A hobgoblin (D:4)
  2 jackals (D:4)
8 creatures vanquished.

Vanquished Creatures (others)
  A slave (D:8)
  An adder zombie (D:5)
  A bat skeleton (D:8)
3 creatures vanquished.

Grand Total: 237 creatures vanquished

Notes
Turn   | Place    | Note
--------------------------------------------------------------
     0 | D:1      | oplop the Merfolk Chaos Knight began the quest for the Orb.
     0 | D:1      | Reached XP level 1. HP: 18/18 MP: 1/1
    94 | D:1      | Reached XP level 2. HP: 18/24 MP: 2/2
   222 | D:1      | XOM: potion effect (haste)
   485 | D:1      | XOM: polymorph hobgoblin -> jackal
   490 | D:1      | Reached skill level 5 in Polearms
   490 | D:1      | Reached XP level 3. HP: 26/30 MP: 3/3
   497 | D:1      | Gained mutation: Your muscles are strong. (Str +2) [mutagenic meat]
   498 | D:1      | Gained mutation: Scrolls take you a little longer to read. [mutagenic meat]
   499 | D:1      | Gained mutation: Your flesh is cold resistant. [mutagenic meat]
   500 | D:1      | Gained mutation: You have a pair of small horns on your head. [mutagenic meat]
   882 | D:2      | XOM: god gift: 7 arrows of flame
  1120 | D:2      | XOM: 1-stop teleportation journey
  1134 | D:2      | XOM: god gift: 30 gold pieces
  1155 | D:2      | Reached XP level 4. HP: 37/37 MP: 4/4
  1469 | D:3      | XOM: 3-stop teleportation journey
  1683 | D:3      | Reached XP level 5. HP: 35/43 MP: 5/5
  1936 | D:4      | Reached skill level 6 in Polearms
  2013 | D:4      | Found Qorrac Ycakk's Assorted Antiques.
  2023 | D:4      | You fall through a shaft!
  2023 | D:5      | Entered Level 5 of the Dungeon
  2076 | D:4      | Noticed an ice beast
  2090 | D:4      | Killed an ice beast
  2090 | D:4      | Reached skill level 5 in Fighting
  2090 | D:4      | Reached skill level 5 in Dodging
  2090 | D:4      | Reached XP level 6. HP: 26/51 MP: 6/6
  2194 | D:4      | XOM: divination: detect items
  2292 | D:4      | Found Uqoeclia's Gadget Boutique.
  2293 | D:4      | Found Xesagg's Assorted Antiques.
  2304 | D:4      | Bought a scroll labeled TEOBAX RIC for 24 gold pieces
  2304 | D:4      | Bought a scroll labeled QASOUS DAATOSK for 24 gold pieces
  2304 | D:4      | Bought a scroll labeled NEISA XICW for 24 gold pieces
  2304 | D:4      | Bought an orange potion for 21 gold pieces
  2304 | D:4      | Bought a murky black potion for 21 gold pieces
  2435 | D:4      | Found Ritsa's Antique Armour Boutique.
  2443 | D:4      | Bought a shiny scale mail for 96 gold pieces
  2465 | D:4      | Found a stormy altar of Qazlal.
  2478 | D:4      | Reached skill level 7 in Polearms
  2490 | D:4      | Bought a sedimented pink potion for 26 gold pieces
  2490 | D:4      | Gained mutation: You have a somewhat thin skeletal structure (Dex +2, Stealth). [potion of mutation]
  2490 | D:4      | Gained mutation: Armour fits poorly on your strangely shaped body. [potion of mutation]
  2491 | D:4      | Gained mutation: You are frail (-10% HP). [potion of mutation]
  2491 | D:4      | Gained mutation: You can translocate small distances at will. [potion of mutation]
  2553 | D:4      | XOM: summons friendly quasit
  2556 | D:4      | Reached XP level 7. HP: 15/50 MP: 7/7
  2585 | D:4      | Found Gurchuhua's Jewellery Shoppe.
  2887 | D:5      | Found a staircase to the Ecumenical Temple.
  2965 | D:5      | XOM: divination: detect items
  2978 | D:5      | XOM: confuse monster(s)
  3001 | D:5      | Reached skill level 8 in Polearms
  3082 | D:5      | XOM: polymorph scorpion -> worm
  3101 | D:5      | XOM: smoke on damage
  3864 | D:6      | XOM: scenery: create altars
  3952 | D:6      | Reached XP level 8. HP: 7/57 MP: 8/8
  4268 | D:6      | XOM: confuse monster(s)
  4313 | D:6      | XOM: cast spell 'Flight'
  4429 | D:6      | Found a burning altar of Makhleb.
  4429 | D:6      | Noticed a balrug
  4432 | D:6      | Noticed a smoke demon
  4432 | D:6      | Noticed a ynoxinul
  4444 | D:6      | XOM: 2-stop teleportation journey
  4524 | D:6      | Reached skill level 9 in Armour
  4524 | D:6      | Reached XP level 9. HP: 48/63 MP: 9/9
  4763 | D:6      | XOM: vitrification
  4802 | D:6      | XOM: give mutations
  4802 | D:6      | Gained mutation: You are partially covered in slimy green scales (AC +2). [Xom's grace]
  4802 | D:6      | Gained mutation: You can spit weak poison. [Xom's grace]
  4802 | D:6      | Gained mutation: You have a pair of horns on your head. [Xom's grace]
  4802 | D:6      | Gained mutation: Your mind is acute. (Int +2) [Xom's grace]
  4838 | D:6      | XOM: vitrification
  4850 | D:6      | HP: 2/63 [orc warrior/battleaxe (21)]
  4873 | D:6      | XOM: potion effect (invisibility)
  4947 | D:6      | XOM: harmless Ice miscast
  5281 | D:6      | Noticed a wraith
  5287 | D:6      | XOM: confuse monster(s)
  5292 | D:6      | Noticed a hippogriff
  5301 | D:6      | Killed a hippogriff
  5312 | D:6      | XOM: potion effect (heal wounds)
  5313 | D:6      | XOM: confuse monster(s)
  5325 | D:6      | Killed a wraith
  5422 | D:6      | XOM: scenery: create altars
  6255 | D:7      | XOM: silly message
  6488 | D:7      | XOM: god gift: yellow potion
  6493 | D:7      | Reached XP level 10. HP: 45/71 MP: 10/10
  6553 | D:8      | XOM: vitrification
  6553 | D:8      | Found Qeodydghat's Antique Armour Shop.
  6554 | D:8      | XOM: polymorph worker ant -> giant eyeball
  6591 | D:8      | Reached skill level 10 in Polearms
  6595 | D:8      | Bought a runed ring mail for 84 gold pieces
  6685 | D:8      | Noticed Pikel
  6694 | D:8      | XOM: 4-stop teleportation journey
  6760 | D:8      | XOM: harmless Conj miscast
  6770 | D:8      | XOM: chaos cloud
  6772 | D:8      | XOM: smoke on damage
  6781 | D:8      | Killed Pikel
  7022 | D:8      | XOM: chaos cloud
  7027 | D:8      | XOM: swap monsters
  7038 | D:8      | Paralysed by you for 4 turns
  7277 | D:8      | XOM: potion effect (might)
  7626 | D:8      | XOM: god gift: scroll of amnesia
  7722 | D:9      | XOM: give mutations
  7722 | D:9      | Gained mutation: You are agile. (Dex +2) [Xom's grace]
  7722 | D:9      | Gained mutation: You evolve. [Xom's grace]
  7778 | D:9      | XOM: god gift: scroll labeled LYMALUUNUA
  7835 | D:9      | XOM: confuse monster(s)
  7895 | D:9      | XOM: give mutations
  7895 | D:9      | Lost mutation: You evolve. [Xom's grace]
  7895 | D:9      | Gained mutation: You are somewhat resistant to further mutation. [Xom's grace]
  7895 | D:9      | Gained mutation: You are good at translocating small distances at will. [Xom's grace]
  7912 | D:9      | HP: 3/72 [yak (10)]
  7918 | D:9      | Slain by a hippogriff

Vault maps used:
D:1:      tarquinn_simple_flora_water_d, serial_bayou_crossing
D:3:      wad_orctagon
D:4:      serial_shops, nicolae_shop_overgrown_old_shop, shop,
          kennysheep_mini_moat, shop, shop, nrook_mini_vaults,
          grunt_qazlal_clouds
D:5:      kennysheep_kobold_camp, minmay_temple_entry_statues_pillars,
          first_bread
D:6:      makhleb_altar_promises_db, minmay_small_thing
D:7:      lemuel_zombie_altar_yredelemnul, the_bakery
D:8:      serial_shops, shop, kennysheep_big_empty_room,
          roderic_aztec_sauvastika, uniq_pikel
D:9:      grunt_gozag_statues, minitemple

Action                   |  1- 3 |  4- 6 |  7- 9 | 10-12 || total
-------------------------+-------+-------+-------+-------++-------
Melee: Spear             |   130 |   164 |   441 |   164 ||   899
       Glaive            |       |       |       |    29 ||    29
 Abil: Blink             |       |       |       |     2 ||     2
Evoke: Wand              |       |       |     1 |       ||     1
  Use: Scroll            |       |     7 |     1 |     2 ||    10
       Potion            |       |     2 |     1 |     5 ||     8
 Stab: Confused          |     2 |       |     8 |     4 ||    14
       Paralysed         |     3 |       |     9 |     3 ||    15
       Sleeping          |     1 |     2 |     5 |       ||     8
       Petrifying        |       |       |     2 |     1 ||     3
       Invisible         |       |       |       |     1 ||     1
  Eat: Chunk             |     5 |     3 |     5 |     3 ||    16
       Pizza             |       |       |     2 |       ||     2
       Bread ration      |       |       |     1 |       ||     1
       Fruit             |       |       |     2 |     1 ||     3
       Meat ration       |       |       |       |     1 ||     1
